 Dungeon Crawl Stone Soup version 0.31.0-32-g396128a36d (webtiles) character file.

Game seed: 18323283629800450344

407 Buffagor the Cleaver (level 6, -5/52 HPs)
             Began as a Hill Orc Fighter on Mar 12, 2024.
             Slain by an iguana (9 damage)
             ... on level 4 of the Dungeon.
             The game lasted 00:06:21 (2882 turns).

Buffagor the Cleaver (Hill Orc Fighter)             Turns: 2882, Time: 00:06:22

Health: -5/52      AC:  9    Str: 23    XL:     6   Next: 88%
Magic:  6/6        EV:  8    Int:  8    God:
Gold:   161        SH:  4    Dex: 12    Spells: 5/5 levels left

rFire   . . .        p - +1 morningstar of Suczy {heavy, rPois rN+ Str+4}
rCold   . . .        c - +0 buckler
rNeg    + . .        e - +0 chain mail
rPois   +            (no helmet)
rElec   .            (no cloak)
rCorr   .            (no gloves)
SInv    +            (no boots)
Will    .....        (no amulet) Stlth
                     o - ring of see invisible
HPRegen 0.28/turn    (no ring)
MPRegen 0.10/turn

%: no passive effects
@: no status effects
A: no striking features
a: no special abilities


You were on level 4 of the Dungeon.
You visited 1 branch of the dungeon, and saw 4 of its levels.

You collected 161 gold pieces.

Inventory:

Hand Weapons
 a - a +0 war axe
 p - the +1 morningstar of Suczy (weapon) {heavy, rPois rN+ Str+4}
   (You found it on level 2 of the Dungeon)

   Str+4:     It affects your strength (+4).
   rPois:     It protects you from poison rN+: It protects you from negative
   energy.
Missiles
 d - 10 stones (quivered)
 i - 6 curare-tipped darts
 k - 5 atropa-tipped darts
 u - 5 poisoned darts
Armour
 c - a +0 buckler (worn)
 e - a +0 chain mail (worn)
Jewellery
 o - a ring of see invisible (left hand)
Scrolls
 b - 5 scrolls of immolation {unknown}
 f - 2 scrolls of vulnerability {unknown}
 h - a scroll of fear {unknown}
 m - 2 scrolls of revelation {unknown}
 r - a scroll of noise {unknown}
 s - 2 scrolls of enchant weapon {unknown}
 t - a scroll of poison {unknown}
 v - a scroll of teleportation {unknown}
Potions
 g - 2 potions of mutation {unknown}
 j - 2 potions of heal wounds {unknown}
 l - 3 potions of curing {unknown}
 n - 2 potions of lignification {unknown}
 q - 2 potions of invisibility {unknown}


   Skills:
 + Level 4.0 Fighting
 * Level 8.7 Axes
 + Level 3.7 Armour
 + Level 3.6 Shields


You had 5 spell levels left.
You didn't know any spells.
Your spell library contained the following spells:

 Spells                   Type           Power      Damage    Failure   Level
 Ensorcelled Hibernation  Hex/Ice        0%         N/A       99%         2
 Passwall                 Erth           0%         N/A       100%        3
 Swiftness                Air            0%         N/A       100%        3


Dungeon Overview and Level Annotations

Branches:
Dungeon (4/15)
 Temple: D:4-7

Altars:
Hepliaklqana


Message History

The iguana bites you but does no damage.
The goblin hits you but does no damage.
You bludgeon the goblin!!
You kill the goblin!
The iguana bites you but does no damage. x2
You closely miss the iguana. You block the iguana's attack.
The iguana bites you!
You are too injured to fight recklessly!
You are too injured to fight recklessly!
You are too injured to fight recklessly!
You are too injured to fight recklessly!
You are too injured to fight recklessly!
You are too injured to fight recklessly!
You are too injured to fight recklessly!
You are too injured to fight recklessly!
You are too injured to fight recklessly!
You are too injured to fight recklessly!
You are too injured to fight recklessly!
You are too injured to fight recklessly!
You are too injured to fight recklessly!
You are too injured to fight recklessly!
You are too injured to fight recklessly!
You are too injured to fight recklessly!
You are too injured to fight recklessly!
You barely miss the iguana.
The iguana hisses menacingly.
The iguana bites you! x2
You hit the iguana but do no damage. The iguana bites you!
* * * LOW HITPOINT WARNING * * *
The iguana bites you but does no damage.
You closely miss the iguana. The iguana completely misses you.
The iguana barely misses you.
You hit the iguana but do no damage. The iguana bites you.
* * * LOW HITPOINT WARNING * * *
The iguana bites you but does no damage.
Unknown command.
You thump the iguana!
The iguana is almost dead.
The iguana barely misses you. The iguana bites you!
You die...

##............##
###
##.............#
####..
...............#
#.....
...............#
#.....
..............##
#......
.............##
#......
........_...##
#......
...........##
#......
.......@.###
#.....<
......>l##
#......
.......##
##..... ##.....
#..... #.....
..... #.....
..... ##....
#.... #....
#####


You could see an iguana.

Vanquished Creatures
  Sigmund (D:2)
  A bombardier beetle (D:3)
  A sleepcap (D:4)
  Natasha (twice) (D:2)
  5 adders
  2 ribbon worms (D:3)
  10 orcs
  3 bats
  An endoplasm (D:1)
  6 goblins
  3 hobgoblins
  5 jackals
  8 kobolds
  5 quokkas
  3 ball pythons
  2 frilled lizards
  5 giant cockroaches
  3 rats
66 creatures vanquished.

Notes
Turn   | Place    | Note
-------+----------+-------------------------------------------
     0 | D:1      | Buffagor the Hill Orc Fighter began the quest for the Orb.
     0 | D:1      | Reached XP level 1. HP: 19/19 MP: 1/1
    87 | D:1      | Reached skill level 3 in Axes
   248 | D:1      | Reached XP level 2. HP: 26/26 MP: 2/2
   398 | D:1      | Reached skill level 4 in Axes
   948 | D:2      | Reached XP level 3. HP: 31/31 MP: 3/3
   963 | D:2      | Noticed Sigmund
  1072 | D:2      | Killed Sigmund
  1073 | D:2      | Reached skill level 7 in Axes
  1073 | D:2      | Reached XP level 4. HP: 31/39 MP: 4/4
  1073 | D:2      | Reached XP level 5. HP: 35/45 MP: 5/5
  1411 | D:2      | Noticed Natasha
  1415 | D:2      | Killed Natasha
  1416 | D:2      | Reached skill level 8 in Axes
  1416 | D:2      | Reached XP level 6. HP: 40/51 MP: 6/6
  1477 | D:2      | Identified the +1 morningstar of Suczy {heavy, rPois rN+
                  | Str+4}
  1639 | D:2      | Noticed Natasha
  1644 | D:2      | Killed Natasha
  2857 | D:4      | Found a hazy altar of Hepliaklqana.
  2882 | D:4      | Slain by an iguana

Illustrated notes

Levels and vault maps discovered:
D:1:      minmay_arrival_four_loops, layout_basic
D:2:      layout_basic, minmay_close_crescents, uniq_natasha, uniq_sigmund
D:3:      layout_loops_ring, minmay_strange_pillars, grunt_ministairs_13
D:4:      layout_cave_pods, overflow_temple_1_default, minmay_ruined_shrine

Skill      XL: |  1  2  3  4  5  6 |
---------------+-------------------+-----
Axes           | 3 4 7 8 |  8.7
Fighting       | 4 |  4.0
Armour         | |  3.7
Shields        | |  3.6

Action                     |  1- 3 |  4- 6 || total
---------------------------+-------+-------++-------
  Melee: War axe           |    52 |    14 ||    66
         Morningstar       |       |    71 ||    71
  Throw: Boomerang         |     7 |    72 ||    79
         Dart              |     2 |       ||     2
         Stone             |       |    18 ||    18
    Use: Potion            |     1 |       ||     1
 Armour: Chain mail        |    63 |    83 ||   146
  Dodge: Dodged            |    20 |    35 ||    55
  Block: Buckler           |    12 |    19 ||    31
